 Dungeon Crawl Stone Soup version 0.23-a0-650-ga4d50d4 (console) character file.

77 Duffy the Firebug (level 4, -2/30 HPs)
             Began as a Demonspawn Fire Elementalist on Jan 6, 2019.
             Slain by a river rat (9 damage)
             ... in a sewer.
             The game lasted 00:02:30 (1851 turns).

Duffy the Firebug (Demonspawn Fire Elementalist)    Turns: 1851, Time: 00:02:30

Health: -2/30      AC:  3    Str:  5    XL:     4   Next: 14%
Magic:  1/8        EV: 11    Int: 17    God:
Gold:   85         SH:  4    Dex: 13    Spells: 4/8 levels left

rFire    . . .     SeeInvis .   (no weapon)
rCold    . . .     Gourm    .   (no shield)
rNeg     . . .     Faith    .   a - +0 robe
rPois    .         Spirit   .   (no helmet)
rElec    +         Reflect  .   (no cloak)
rCorr    .         Harm     .   b - +0 pair of gloves
MR       .....                  (no boots)
Stlth    ..........             f - amulet of magic regeneration
HPRegen  0.10/turn              i - ring of wizardry
MPRegen  0.36/turn              h - ring of attention (curse)

@: drained
A: hooves 1, large bone plates 1, powered by death 1, electricity resistance,
weak 2, MP-powered wands
a: no special abilities


You were in a sewer.
You were hungry.

You visited 1 branch of the dungeon, and saw 3 of its levels.
You also visited: Sewer.

You collected 85 gold pieces.

Inventory:

Armour
 a - a +0 robe (worn)
 b - a +0 pair of gloves (worn)
Jewellery
 f - an amulet of magic regeneration (around neck)
 g - an uncursed amulet of harm
 h - a cursed ring of attention (right hand)
 i - a ring of wizardry (left hand)
 p - an uncursed amulet of faith
Scrolls
 d - 2 scrolls of magic mapping {unknown}
 k - a scroll of identify {unknown}
 o - a scroll of immolation {unknown}
Comestibles
 c - 6 rations
 m - 3 chunks of flesh


   Skills:
 - Level 1.7(0.7) Dodging
 - Level 1.7(0.7) Stealth
 + Level 2.9(1.8) Spellcasting
 + Level 2.3(1.3) Conjurations
 + Level 3.4(2.3) Fire Magic


You had 4 spell levels left.
You knew the following spells:

 Your Spells              Type           Power        Failure   Level  Hunger
h - Flame Tongue          Conj/Fire      #....        4%          1    #......
l - Conjure Flame         Conj/Fire      #.......     12%         3    ###....

Your spell library contained the following spells:

 Spells                   Type           Power        Failure   Level  Hunger
 Throw Flame              Conj/Fire      #.....       6%          2    ###....
 Inner Flame              Hex/Fire       #.......     16%         3    ###....
 Sticky Flame             Conj/Fire      #.......     34%         4    #####..
 Fireball                 Conj/Fire      #.........   67%         5    ######.


Dungeon Overview and Level Annotations

Branches:
Dungeon (3/15)

Altars:


Innate Abilities, Weirdness & Mutations

You have large cloven feet.
You are partially covered in large bone plates. (SH +4)
You regenerate a little health from kills.
You are resistant to electric shocks. (rElec)
You are very weak. (Str -4)
You expend magic power (3 MP) to strengthen your wands.


Message History

You block the river rat's attack.
Unknown command.
Unknown command.
Casting: Flame Tongue (safe; 4% risk of failure)
Confirm with . or Enter, or press ? or * to list all spells.
Aiming: Flame Tongue (safe; 4% risk of failure)
Press: ? - help, Shift-Dir - straight line, f - river rat
Aim: a river rat The flame tongue hits the river rat.
The river rat is moderately wounded.
The river rat closely misses you.
Casting: Flame Tongue (safe; 4% risk of failure)
Confirm with . or Enter, or press ? or * to list all spells.
Aiming: Flame Tongue (safe; 4% risk of failure)
Press: ? - help, Shift-Dir - straight line, f/p - river rat
Aim: a river rat (moderately wounded)
The flame tongue hits the river rat.
The river rat is severely wounded.
The river rat bites you!
You die... ############### ~......\.rrr@.# ###############

You could see a river rat and 2 rats.

Vanquished Creatures
  2 adders (D:2)
  A river rat (Sewer)
  A worm (D:1)
  3 dart slugs
  3 leopard geckos (D:1)
  A ball python (D:3)
  2 giant cockroaches
  4 goblins
  2 hobgoblins (D:1)
  5 jackals
  3 bats
  4 frilled lizards
  3 kobolds
  7 rats
41 creatures vanquished.

Notes
Turn   | Place    | Note
-------+----------+-------------------------------------------
     0 | D:1      | Duffy the Demonspawn Fire Elementalist began the quest for
                  | the Orb.
     0 | D:1      | Reached XP level 1. HP: 13/13 MP: 3/3
   195 | D:1      | Gained mutation: You regenerate a little health from kills.
                  | [demonic ancestry]
   195 | D:1      | Reached XP level 2. HP: 17/19 MP: 0/5
   402 | D:1      | Reached skill level 3 in Fire Magic
  1061 | D:1      | Gained mutation: You have large cloven feet. [demonic
                  | ancestry]
  1061 | D:1      | Reached XP level 3. HP: 10/24 MP: 0/6
  1296 | D:1      | Learned a level 3 spell: Conjure Flame
  1812 | D:3      | Found a glowing drain.
  1820 | D:3      | Gained mutation: You are partially covered in large bone
                  | plates. (SH +4) [demonic ancestry]
  1820 | D:3      | Reached XP level 4. HP: 30/30 MP: 4/8
  1828 | Sewer    | Entered a sewer
  1841 | Sewer    | HP: 1/30 [river rat (8)]
  1849 | Sewer    | Gained mutation: You are weak. (Str -2) [potion of
                  | mutation]
  1849 | Sewer    | Gained mutation: You are resistant to electric shocks.
                  | (rElec) [potion of mutation]
  1849 | Sewer    | Gained mutation: You are very weak. (Str -4) [potion of
                  | mutation]
  1849 | Sewer    | Gained mutation: You expend magic power (3 MP) to
                  | strengthen your wands. [potion of mutation]
  1851 | Sewer    | Slain by a river rat

Vault maps used:
D:1:      evilmike_arrival_run_for_it, minmay_parallelograms
D:2:      chequers_serial_rivers_micro_b
D:3:      nicolae_overflow_crystal_walls, portal_sewer_entry_a, uniq_jessica
Sewer:    sewer_kobolds

Skill      XL: |  1  2  3 |
---------------+----------+-----
Fire Magic     | 3 |  3.4
Conjurations   | 2 |  2.3
Dodging        | |  1.7
Stealth        | |  1.7
Spellcasting   | |  2.9

Action                   |  1- 3 |  4- 6 || total
-------------------------+-------+-------++-------
Melee: Unarmed           |    10 |       ||    10
 Cast: Flame Tongue      |    76 |    15 ||    91
  Use: Potion            |       |     4 ||     4
  Eat: Chunk             |     4 |       ||     4
Armor: Robe              |    20 |     1 ||    21
Dodge: Dodged            |    47 |    10 ||    57
Block: Other             |       |     6 ||     6

Table legend:
 A = Non-vault XP
 B = Vault XP
 C = Vault XP percentage of total XP
 D = Non-vault monster count
 E = Vault monster count
 F = Vault count percentage of total count
                 A         B        C        D         E       F
            +---------+---------+-------+---------+---------+-------
      Total |      89 |      22 |  19.8 |      36 |       5 |  12.2
            +---------+---------+-------+---------+---------+-------
        D:1 |      40 |       5 |  11.1 |      21 |       1 |   4.5
        D:2 |      43 |       0 |   0.0 |      12 |       0 |   0.0
        D:3 |       6 |       3 |  33.3 |       3 |       2 |  40.0
      Sewer |       0 |      14 | 100.0 |       0 |       2 | 100.0
            +---------+---------+-------+---------+---------+-------
